 Dungeon Sprint DCSS version 0.26-a0-683-g5206c1d7ac (webtiles) character file.

Game seed: 653539488254094204

3806961 rocky1 the Conqueror (level 24, 249/249 HPs)
             Began as a Hill Orc Gladiator on Oct 23, 2020.
             Was the Champion of Cheibriados.
             Escaped with the Orb
             ... and 3 runes!
             The game lasted 01:27:23 (18310 turns).

rocky1 the Conqueror (Hill Orc Gladiator)          Turns: 18310, Time: 01:27:23

Health: 249/249    AC: 49    Str: 37    XL:     24   Next: 42%
Magic:  54/54      EV: 35    Int: 27    God:    Cheibriados [******]
Gold:   280        SH: 39    Dex: 24    Spells: 66/77 levels left

rFire    + + +     SeeInvis +   E - +8 broad axe of Veatamyrgh {vorpal, Str+3 Dex-4 SInv Stlth+}
rCold    + + +     Faith    .   c - +0 tower shield {AC+3}
rNeg     + . .     Spirit   .   S - +5 pearl dragon scales
rPois    +         Reflect  +   d - +2 helmet "Milasez" {rPois Stlth+}
rElec    .         Harm     .   a - +4 cloak
rCorr    .         Rampage  .   J - +3 pair of gauntlets of War {Slay+5}
MR       ++++.     NoTele   +   M - +1 pair of boots
Stlth    ++++......             F - amulet of Cenaugot {Reflect Dex+3 SH+5}
HPRegen  0.51/turn              g - ring of Ehel {Wiz rF+++ MR+++ Str-5 Dex-2}
MPRegen  0.34/turn              R - ring of the Quahog {*Corrode rC+++ Slay+5}

@: studying Maces & Flails, very slow
A: claws 1, hooves 1, large bone plates 1, blurry vision 1, deterioration 1,
mutation resistance 1
0: Orb of Zot
}: 3/3 runes: silver, golden, iron
a: Bend Time, Temporal Distortion, Slouch, Step From Time, Renounce Religion


You escaped.
You worshipped Cheibriados.
Cheibriados was exalted by your worship.
You visited 1 branch You collected 280 gold pieces.

Inventory:

Hand Weapons
 q - a +6 whip of holy wrath
 E - the +8 broad axe of Veatamyrgh (weapon) {vorpal, Str+3 Dex-4 SInv Stlth+}
   (You found it in the Dungeon)

   It inflicts extra damage upon your enemies.
   It affects your strength (+3).
   It affects your dexterity (-4).
   It lets you see invisible.
   It makes you more stealthy.
Armour
 a - a +4 cloak (worn)
 c - a +0 tower shield of protection (worn)
 d - the +2 helmet "Milasez" (worn) {rPois Stlth+}
   (You found it in the Dungeon)

   It protects you from poison.
   It makes you more stealthy.
 J - the +3 pair of gauntlets of War (worn) {Slay+5}
   (You found it in the Dungeon)

   It affects your accuracy and damage with ranged weapons and melee attacks
   (+5).
 M - a +1 pair of boots (worn)
 S - +5 pearl dragon scales (worn)
Jewellery
 g - the ring of Ehel (left hand) {Wiz rF+++ MR+++ Str-5 Dex-2}
   (You found it in the Dungeon)

   [ring of wizardry]

   It improves your spell success rate.
   It affects your strength (-5).
   It affects your dexterity (-2).
   It renders you almost immune to fire.
   It affects your resistance to hostile enchantments.
 F - the amulet of Cenaugot (around neck) {Reflect Dex+3 SH+5}
   (You found it in the Dungeon)

   [amulet of reflection]

   It shields you and reflects attacks.
   It affects your dexterity (+3).
   It affects your SH (+5).
 R - the ring of the Quahog (right hand) {*Corrode rC+++ Slay+5}
   (You found it in the Dungeon)

   [ring of slaying]

   It affects your accuracy and damage with ranged weapons and melee attacks
   (+5).
   It renders you almost immune to cold.
   It may corrode you when you take damage.
Scrolls
 b - a scroll of fear
 j - 6 scrolls of fog
 l - 7 scrolls of remove curse
 w - 2 scrolls of blinking
Potions
 e - 11 potions of curing
 f - 3 potions of heal wounds
 h - 4 potions of magic
 i - 3 potions of might
 k - a potion of invisibility
 s - 3 potions of brilliance
 t - 4 potions of resistance
 u - 5 potions of stabbing
 B - 2 potions of cancellation
 H - a potion of flight
Books
 Z - a manual of Maces & Flails
Miscellaneous
 p - a condenser vane (2/2)
 G - a lightning rod (4/4)
 O - a phantom mirror
 Q - a phial of floods


   Skills:
 O Level 27 Fighting
 - Level 20.9 Axes
 - Level 1.7 Throwing
 O Level 27 Armour
 O Level 27 Dodging
 O Level 27 Stealth
 O Level 27 Shields
 O Level 27 Spellcasting
 O Level 27 Conjurations
 + Level 19.1 Translocations
 O Level 27 Fire Magic
 O Level 27 Invocations
 O Level 27 Evocations


You had 66 spell levels left.
You knew the following spells:

 Your Spells              Type           Power        Failure   Level
a - Blink                 Tloc           N/A          0%          2
b - Fire Storm            Conj/Fire      ########..   1%          9

Your spell library contained the following spells:

 Spells                   Type           Power        Failure   Level
 Apportation              Tloc           ######       0%          1
 Magic Dart               Conj           ####         0%          1
 Conjure Flame            Conj/Fire      ########     0%          3
 Gell's Gravitas          Tloc           #######...   0%          3
 Inner Flame              Hex/Fire       #######.     0%          3
 Lesser Beckoning         Tloc           #######...   0%          3
 Static Discharge         Conj/Air       #######.     0%          3
 Stone Arrow              Conj/Erth      ######       0%          3
 Teleport Other           Tloc           #######.     0%          3
 Passage of Golubria      Tloc           N/A          0%          4
 Sticky Flame             Conj/Fire      ########     0%          4
 Bolt of Magma            Conj/Fire/Erth #######...   0%          5
 Iskenderun's Battlesphe  Conj           ########     0%          5
 Orb of Destruction       Conj           ########..   0%          7
 Animate Skeleton         Necr           #####.       1%          1
 Beastly Appendage        Tmut           #####.       1%          1
 Corona                   Hex            #####..      1%          1
 Sting                    Tmut/Pois      ####         1%          1
 Summon Small Mammal      Summ           ####         1%          1
 Call Imp                 Summ           #####...     1%          2
 Corpse Rot               Necr/Air       N/A          1%          2
 Poisonous Vapours        Pois/Air       #####.       1%          2
 Slow                     Hex            #####...     1%          2
 Sublimation of Blood     Necr           #####.....   1%          2
 Wereblood                Tmut           #####...     1%          2
 Call Canine Familiar     Summ           #####...     1%          3
 Confusing Touch          Hex            #####...     1%          3
 Ignite Poison            Fire/Tmut/Pois ######..     1%          3
 Mephitic Cloud           Conj/Pois/Air  ######..     1%          3
 Portal Projectile        Hex/Tloc       ######       1%          3
 Spider Form              Tmut/Pois      #####.....   1%          3
 Summon Guardian Golem    Hex/Summ       #####...     1%          3
 Fulminant Prism          Conj/Hex       #######...   1%          4
 Lightning Bolt           Conj/Air       #######...   1%          5
 Dispersal                Tloc           #######...   1%          6
 Iron Shot                Conj/Erth      #######...   1%          6
 Spellforged Servitor     Conj/Summ      #######...   1%          7
 Disjunction              Tloc           #######...   1%          8
 Ignition                 Fire           ########..   1%          8
 Cause Fear               Hex            #####.....   4%          4
 Dispel Undead            Necr           #####...     4%          4
 Ice Form                 Ice/Tmut       #####...     4%          4
 Leda's Liquefaction      Hex/Erth       #####.....   4%          4
 Olgreb's Toxic Radiance  Pois           #####...     4%          4
 Petrify                  Tmut/Erth      #####...     4%          4
 Summon Ice Beast         Ice/Summ       #####...     4%          4
 Summon Lightning Spire   Summ/Air       #####...     4%          4
 Chain Lightning          Conj/Air       #######...   11%         8
 Lehudib's Crystal Spear  Conj/Erth      #######...   11%         8
 Agony                    Necr           #####...     12%         5
 Alistair's Intoxication  Tmut/Pois      #####....    12%         5
 Blade Hands              Tmut           #####.....   12%         5
 Excruciating Wounds      Necr           #####.....   12%         5
 Metabolic Englaciation   Hex/Ice        #####.....   12%         5
 Summon Demon             Summ           #####.....   12%         5
 Summon Mana Viper        Hex/Summ       #####...     12%         5
 Yara's Violent Unravell  Hex/Tmut       #####.....   12%         5
 Absolute Zero            Ice            #####.....   100%        9
 Shatter                  Erth           #####.....   100%        9
 Tornado                  Air            #####.....   100%        9


Dungeon Overview and Level Annotations

Branches:
Dungeon (1/1)

Altars:
Ashenzari
Cheibriados
Dithmenos
Elyvilon
Fedhas
Gozag
Hepliaklqana
Kikubaaqudgha
Makhleb
Nemelex Xobeh
Okawaru
Qazlal
Ru
Sif Muna
Trog
Uskayaw
Vehumet
Wu Jian
Xom
Yredelemnul
Zin
The Shining One
Beogh
Jiyva
Lugonu


Innate Abilities, Weirdness & Mutations

You have sharp fingernails.
You have large cloven feet.
You are partially covered in large bone plates. (SH +4)
Scrolls take you a little longer to read.
Your body sometimes deteriorates upon taking damage.
You are somewhat resistant to further mutation.


Message History

You start waiting.
An infernal demonspawn comes into view. It is wielding a +0 dire flail.
You slice the infernal demonspawn!!
The infernal demonspawn is heavily wounded.
You block the infernal demonspawn's attack.
You hit the infernal demonspawn.
The infernal demonspawn is severely wounded.
You block the infernal demonspawn's attack.
You slash the infernal demonspawn!
The infernal demonspawn is almost dead.
You slash the infernal demonspawn!
You kill the infernal demonspawn!
Cheibriados thoroughly appreciates the change of pace.
No target in view!
No target in view!
Okay, then.
There is an open door to the Entrance Hall (Safe) here.
There is a staircase leading out of the dungeon here.
You can't go down here!
You have escaped!

##########.##.........[..)...''..
#.).........'........)[).....''..
#)#####'#####......#..#[.....##..
#)#...#.#..##................##..
#)#...#.#))#####'#####''#########
#[#...'.#))##.......##['#########
#.##)####.)##.......##......'..'.
#.#...†.#.[##.......##......'..'.
#.#.....#'###...@...##.....##33##
#.#........##.......##...###....#
#.#........##.......##..##)).....
#'###########.......##('#().#..#.
#.......#..###########...))......
#...#...#.############''#...#..#.
#..)#...#)#.)).#!..[##..##.......
#.##.##.#)#....#....##...###....#
#...#...#('†.).'..))##.....##.)##


There were no monsters in sight!

Vanquished Creatures
  Dissolution (D)
  the Serpent of Hell (D)
  2 orbs of fire (D)
  Mennas (D)
  Mara (D)
  3 ancient liches (D)
  7 greater mummies (D)
  Boris (D)
  the Lernaean hydra (D)
  A Killer Klown (D)
  8 pandemonium lords (D)
  Xtahua (D)
  3 curse toes (D)
  Nikola (D)
  5 pearl dragons (D)
  3 golden dragons (D)
  Jory (D)
  Arachne (D)
  2 bone dragons (D)
  5 Tzitzimimeh (D)
  7 Brimstone Fiends (D)
  2 hellephants (D)
  2 electric golems (D)
  4 liches (D)
  5 Hell Sentinels (D)
  31 Orb Guardians (D)
  5 Ice Fiends (D)
  20 titans (D)
  A deep elf blademaster (D)
  A death cob (D)
  4 deep elf master archers (D)
  2 quicksilver dragons (D)
  4 Executioners (D)
  3 sphinxes (D)
  A shadow dragon (D)
  3 storm dragons (D)
  Ilsuiw (D)
  2 azure jellies (D)
  A draconian monk (D)
  2 daevas (D)
  A nagaraja (D)
  A draconian knight (D)
  15 fire giants (D)
  12 frost giants (D)
  3 ghost moths (D)
  12 orc warlords (D)
  Louise (D)
  4 iron dragons (D)
  2 draconian scorchers (D)
  4 cacodemons (D)
  2 deep elf sorcerers (D)
  3 balrugs (D)
  2 draconian stormcallers (D)
  An angel (D)
  A ghoul (D)
  2 reapers (D)
  2 spriggan defenders (D)
  A draconian shifter (D)
  2 war gargoyles (D)
  An ophan (D)
  2 apis (D)
  12 stone giants (D)
  A green draconian (D)
  5 lorocyprocas (D)
  4 deep elf annihilators (D)
  3 deep elf demonologists (D)
  A vampire knight (D)
  3 red draconians (D)
  3 white draconians (D)
  A black sun (D)
  4 black draconians (D)
  A minotaur (D)
  5 green deaths (D)
  An eidolon (D)
  2 deep elf death magi (D)
  3 blizzard demons (D)
  2 mummy priests (D)
  3 fire dragons (D)
  16 ettins (D)
  An ogre mage (D)
  3 deep elf high priests (D)
  2 yaktaur captains (D)
  2 spriggan air magi (D)
  3 monstrous demonspawn (D)
  A hell beast (D)
  A hydra (D)
  An ice dragon (D)
  4 vault guards (D)
  A boulder beetle (D)
  2 catoblepae (D)
  2 naga warriors (D)
  A two-headed ogre (D)
  2 hell hogs (D)
  7 vampire magi (D)
  3 death yaks (D)
  2 spriggan berserkers (D)
  4 dancing weapons (D)
  11 orc high priests (D)
  4 sun demons (D)
  2 deep elf knights (D)
  5 hell knights (D)
  4 soul eaters (D)
  7 skeletal warriors (D)
  3 sixfirhies (D)
  3 cherubim (D)
  2 flayed ghosts (D)
  A swamp dragon (D)
  A death drake (D)
  A torturous demonspawn (D)
  A deep troll (D)
  A gelid demonspawn (D)
  An infernal demonspawn (D)
  A phantasmal warrior (D)
  A spriggan druid (D)
  3 harpies (D)
  A lindwurm (D)
  4 necromancers (D)
  22 orc knights (D)
  2 ugly things (D)
  6 orc sorcerers (D)
  A deep elf mage (D)
  A manticore (D)
  An elephant (D)
  14 cyclopes (D)
  A smoke demon (D)
  A rust devil (D)
  A naga mage (D)
  A black mamba (D)
  2 cane toads (D)
  An orange demon (D)
  2 yaktaurs (D)
  A komodo dragon (D)
  2 kobold demonologists (D)
  2 hellions (D)
  2 demonic crawlers (D)
  3 tormentors (D)
  3 red devils (D)
  A jumping spider (D)
  3 guardian mummies (D)
  4 merfolk (D)
  A tyrant leech (D)
  2 bog bodies (D)
  6 blink frogs (D)
  Grinder (D)
  A polar bear (shapeshifter) (D)
  4 large abominations (D)
  4 dream sheep (D)
  2 spriggans (D)
  2 air elementals (D)
  2 wyverns (D)
  A vampire (D)
  10 redbacks (D)
  2 fire elementals (D)
  A fire bat (D)
  3 golden eyes (D)
  2 chaos spawn (D)
  A neqoxec (D)
  3 steam dragons (D)
  3 insubstantial wisps (D)
  3 wargs (D)
  8 hell hounds (D)
  2 nagas (D)
  2 floating eyes (D)
  24 orc warriors (D)
  An eye of draining (D)
  An ogre (D)
  A necrophage (D)
  5 wolves (D)
  2 centaurs (D)
  A big kobold (D)
  3 small abominations (D)
  A gnoll sergeant (D)
  4 wights (D)
  A jelly (D)
  A gnoll shaman (D)
  6 orc wizards (D)
  2 iron imps (D)
  2 worker ants (D)
  2 hell rats (D)
  A mummy (D)
  9 gnolls (D)
  An adder (D)
  A white imp (D)
  An ufetubus (D)
  An ooze (D)
  An adder zombie (D)
  An adder skeleton (D)
  A worm (D)
  A leopard gecko (D)
  13 orcs (D)
  3 bat zombies (D)
  A quokka (D)
  3 bats (D)
  A goblin (D)
  A jackal simulacrum (D)
  2 kobolds (D)
  A leopard gecko simulacrum (D)
  A quokka skeleton (D)
  A rat (D)
  5 fire vortices (D)
643 creatures vanquished.

Vanquished Creatures (collateral kills)
  An Orb Guardian (D)
  A storm dragon (D)
  An orc warlord (D)
  An ettin (D)
  A hydra (D)
  An orc (D)
6 creatures vanquished.

Vanquished Creatures (others)
  A catoblepas (D)
  A hell hog (D)
  An insubstantial wisp (D)
  A gnoll (D)
  99 fire vortices (D)
103 creatures vanquished.

Grand Total: 752 creatures vanquished

Notes
Turn   | Place    | Note
-------+----------+-------------------------------------------
     0 | D        | rocky1 the Hill Orc Gladiator began the quest for the Orb.
     0 | D        | Reached XP level 1. HP: 18/18 MP: 1/1
    46 | D        | Found a bloodstained altar of Trog.
    46 | D        | Found a shimmering blue altar of Sif Muna.
    46 | D        | Found a viscous altar of Jiyva.
    46 | D        | Found a hazy altar of Hepliaklqana.
    46 | D        | Found an opulent altar of Gozag.
    47 | D        | Found a glowing golden altar of the Shining One.
    47 | D        | Found a glowing silver altar of Zin.
    47 | D        | Found a basalt altar of Yredelemnul.
    47 | D        | Found a shimmering altar of Xom.
    47 | D        | Found an ornate altar of the Wu Jian Council.
    47 | D        | Found a sacrificial altar of Ru.
    47 | D        | Found a stormy altar of Qazlal.
    47 | D        | Found an iron altar of Okawaru.
    47 | D        | Found a sparkling altar of Nemelex Xobeh.
    47 | D        | Found a burning altar of Makhleb.
    47 | D        | Found a blossoming altar of Fedhas.
    47 | D        | Found a white marble altar of Elyvilon.
    47 | D        | Found a shadowy altar of Dithmenos.
    47 | D        | Found a snail-covered altar of Cheibriados.
    51 | D        | Found a roughly hewn altar of Beogh.
    51 | D        | Found a corrupted altar of Lugonu.
    51 | D        | Found a radiant altar of Vehumet.
    52 | D        | Found a broken altar of Ashenzari.
    52 | D        | Found an ancient bone altar of Kikubaaqudgha.
    52 | D        | Found a hide-covered altar of Uskayaw.
    58 | D        | Became a worshipper of Cheibriados the Contemplative
    85 | D        | Reached * piety under Cheibriados
    85 | D        | Reached skill level 5 in Axes
    85 | D        | Reached XP level 2. HP: 6/27 MP: 2/2
   325 | D        | Reached ** piety under Cheibriados
   337 | D        | Reached *** piety under Cheibriados
   337 | D        | Reached skill level 5 in Fighting
   337 | D        | Reached XP level 3. HP: 22/36 MP: 3/3
   629 | D        | Noticed Grinder
   629 | D        | Noticed a floating eye
   631 | D        | Paralysed by a floating eye for 3 turns
   634 | D        | Noticed a fire bat
   636 | D        | Paralysed by a floating eye for 3 turns
   642 | D        | Paralysed by a floating eye for 3 turns
   647 | D        | Paralysed by a floating eye for 3 turns
   654 | D        | Reached **** piety under Cheibriados
   656 | D        | Killed a floating eye
   656 | D        | Reached skill level 5 in Dodging
   656 | D        | Reached XP level 4. HP: 13/47 MP: 4/4
   656 | D        | Reached XP level 5. HP: 15/52 MP: 5/5
   665 | D        | Reached ***** piety under Cheibriados
   676 | D        | Paralysed by Grinder for 6 turns
   684 | D        | Killed Grinder
   684 | D        | Reached skill level 10 in Fighting
   684 | D        | Reached XP level 6. HP: 30/66 MP: 6/6
   692 | D        | Reached skill level 1 in Invocations
   694 | D        | Reached ****** piety under Cheibriados
   876 | D        | Killed a fire bat
   876 | D        | Reached XP level 7. HP: 73/73 MP: 6/9
  1042 | D        | Noticed an orc high priest
  1055 | D        | Noticed a red devil
  1058 | D        | Killed an orc high priest
  1058 | D        | Reached skill level 5 in Armour
  1058 | D        | Reached XP level 8. HP: 39/82 MP: 9/12
  1289 | D        | Noticed a blink frog
  1289 | D        | Noticed a blink frog
  1289 | D        | Noticed a blink frog
  1290 | D        | Killed a blink frog
  1290 | D        | Killed a blink frog
  1290 | D        | Reached XP level 9. HP: 87/90 MP: 14/14
  1435 | D        | Noticed a six-headed hydra
  1436 | D        | Noticed a phantasmal warrior
  1443 | D        | Killed a phantasmal warrior
  1451 | D        | Killed a ten-headed hydra
  1451 | D        | Reached skill level 10 in Invocations
  1628 | D        | Noticed a cane toad
  1628 | D        | Noticed a smoke demon
  1635 | D        | Killed a smoke demon
  1635 | D        | Reached skill level 10 in Dodging
  1635 | D        | Reached XP level 10. HP: 86/101 MP: 17/17
  1635 | D        | Killed a cane toad
  1698 | D        | Noticed a swamp dragon
  1738 | D        | Reached skill level 15 in Axes
  1762 | D        | Noticed an elephant
  1771 | D        | Killed an elephant
  1933 | D        | Reached skill level 10 in Armour
  2275 | D        | Noticed a lindwurm
  2279 | D        | Killed a lindwurm
  2279 | D        | Reached XP level 11. HP: 93/111 MP: 20/20
  2356 | D        | Reached skill level 15 in Fighting
  2527 | D        | Killed a ghost moth
  2855 | D        | Noticed a two-headed ogre
  2862 | D        | Killed a two-headed ogre
  3047 | D        | Noticed a spriggan druid
  3054 | D        | Killed a spriggan druid
  3058 | D        | Noticed a death yak
  3063 | D        | Killed a swamp dragon
  3066 | D        | Killed a death yak
  3320 | D        | Noticed a catoblepas
  3320 | D        | Noticed an angel
  3320 | D        | Noticed a black draconian
  3320 | D        | Noticed Arachne
  3321 | D        | Killed a catoblepas
  3323 | D        | Reached XP level 12. HP: 60/123 MP: 17/22
  3324 | D        | Killed an angel
  3329 | D        | Killed a black draconian
  3339 | D        | Killed Arachne
  3346 | D        | Got the ring "Jaorerro" {rElec rF+ Int-2 Dex+7}
  3350 | D        | Got the +8 broad axe of Veatamyrgh {vorpal, Str+3 Dex-4
                  | SInv Stlth+}
  3611 | D        | Noticed a vampire mage
  3619 | D        | Killed a vampire mage
  3622 | D        | Noticed a catoblepas
  3640 | D        | Noticed an eidolon
  3646 | D        | Killed an eidolon
  3663 | D        | Reached skill level 15 in Armour
  3663 | D        | Reached XP level 13. HP: 43/135 MP: 23/23
  3812 | D        | Noticed a nagaraja
  3817 | D        | Killed a nagaraja
  4275 | D        | Reached skill level 1 in Spellcasting
  4382 | D        | Noticed an orc warlord
  4382 | D        | Noticed an orc warlord
  4384 | D        | Noticed a vault guard
  4395 | D        | Killed a vault guard
  4397 | D        | Killed an orc warlord
  4403 | D        | Reached skill level 15 in Dodging
  4405 | D        | Killed an orc warlord
  4409 | D        | Noticed a vault guard
  4419 | D        | Killed a vault guard
  4714 | D        | Noticed a deep elf annihilator
  4717 | D        | Killed a deep elf annihilator
  4717 | D        | Reached skill level 5 in Spellcasting
  4717 | D        | Reached XP level 14. HP: 149/149 MP: 24/24
  5061 | D        | Noticed a ghost moth
  5068 | D        | Killed a ghost moth
  5183 | D        | Found the +3 pair of gauntlets of War {Slay+5}
  5229 | D        | Found the +15 Maxwell's patent armour {-Cast -Tele rElec
                  | MR+ rCorr}
  5353 | D        | Noticed Ilsuiw
  5355 | D        | Reached skill level 1 in Shields
  5391 | D        | Killed Ilsuiw
  5591 | D        | Noticed a daeva
  5591 | D        | Noticed a sphinx
  5591 | D        | Noticed a red draconian
  5593 | D        | Reached skill level 5 in Shields
  5595 | D        | Noticed a deep elf annihilator
  5602 | D        | Noticed a cacodemon
  5603 | D        | Killed a sphinx
  5603 | D        | Killed a red draconian
  5604 | D        | Killed a daeva
  5606 | D        | Noticed a fire giant
  5609 | D        | Killed a deep elf annihilator
  5610 | D        | Reached XP level 15. HP: 61/160 MP: 18/28
  5610 | D        | Killed a cacodemon
  5612 | D        | Killed a fire giant
  5664 | D        | Reached skill level 10 in Shields
  6054 | D        | Noticed a storm dragon
  6062 | D        | Reached skill level 10 in Spellcasting
  6070 | D        | Killed a storm dragon
  6073 | D        | Noticed an Executioner
  6076 | D        | Killed an Executioner
  6526 | D        | Found the +10 dark maul {vorpal}
  6734 | D        | Noticed an orc warlord
  6734 | D        | Noticed an orc warlord
  6734 | D        | Noticed an orc warlord
  6734 | D        | Noticed an orc warlord
  6734 | D        | Noticed an orc warlord
  6734 | D        | Noticed an orc warlord
  6734 | D        | Noticed an orc warlord
  6735 | D        | Found the +0 sword of Power
  6735 | D        | Identified the +10 quarterstaff "Zothuemp" {spect, +Fly rN+
                  | MP-9 Str+3}
  6737 | D        | Noticed an orc warlord
  6738 | D        | Reached XP level 16. HP: 174/174 MP: 17/31
  6745 | D        | Identified the +7 great sword of Quizazamm {protect, Int+3
                  | Dex+4}
  6768 | D        | Reached skill level 15 in Shields
  6897 | D        | Got a silver rune of Zot
  6907 | D        | Got the ring "Bomauh" {+Fly AC+4 Str+2}
  7044 | D        | Noticed a bone dragon
  7060 | D        | Killed a bone dragon
  7323 | D        | Noticed a sphinx
  7324 | D        | Noticed a daeva
  7330 | D        | Killed a sphinx
  7332 | D        | Noticed a lich
  7339 | D        | Killed a lich
  7339 | D        | Noticed an Executioner
  7341 | D        | Noticed a lich
  7346 | D        | Noticed a lich
  7348 | D        | Noticed an Ice Fiend
  7348 | D        | Noticed a Tzitzimitl
  7352 | D        | Killed a lich
  7352 | D        | Reached XP level 17. HP: 76/188 MP: 35/35
  7356 | D        | Noticed an Ice Fiend
  7356 | D        | Killed a lich
  8291 | D        | Got the Incunabulum of Contamination and Calling
  8299 | D        | Got the Guide on Virous Feathers
  8303 | D        | Got Udemefa's Disquisition on Destructive Orientation
  8309 | D        | Got the Disquisition on Sinister Magic and Venom
  8332 | D        | Got the ring "Mariddou" {rPois rF+ Stlth+}
  8334 | D        | Got the amulet of Ocont {rPois Regen+ Dex+3}
  8336 | D        | Got the amulet of Cenaugot {Reflect Dex+3 SH+5}
  8338 | D        | Got the ring "Qoraotux" {Fire +Inv}
  8340 | D        | Got the ring "Ewaolub" {MR+ Str+4 Int-3 Dex+2 Stlth+}
  8342 | D        | Got the ring of Ilaheum {Wiz rPois Str+8}
  8344 | D        | Got the ring of the Eleven Nightcaps {+Blink rF++ rN+ EV+6
                  | Str-2}
  8346 | D        | Got the amulet of the Lizard {Regen+ Str+4 Int-5 SInv}
  8348 | D        | Got the ring of the Monkey {Dex+6 Slay+5}
  8350 | D        | Got the amulet "Unlism" {Faith +Blink +Inv +Fly Dex-2
                  | Stlth+}
  8352 | D        | Got the amulet of Cueviuz {Faith rF+ Dex+3}
  8354 | D        | Got the ring "Xaewofrysim" {*Drain *Slow rF+++ EV+6 Int+3}
  8371 | D        | Got the ring of Jadopecw {rPois rC+ MR+ Str-4}
  8373 | D        | Got the ring of the Quahog {*Corrode rC+++ Slay+5}
  8375 | D        | Got the amulet of Amatotta {Faith MP+9}
  8377 | D        | Got the amulet "Lown" {Faith rPois rC+}
  8674 | D        | Got the ring of Ehel {Wiz rF+++ MR+++ Str-5 Dex-2}
  8677 | D        | Got the ring "Loruumn" {rElec rN+ Int+4}
  8679 | D        | Got the ring of Asoan {+Blink rN+}
  8711 | D        | Got the ring of Qurphekyz {Wiz MR+ Str+2}
  8713 | D        | Got the amulet "Fuacaapt" {Spirit rPois Slay+3}
  8715 | D        | Got the ring "Romuh" {rF- rC+ Int+4 Dex+7 SInv}
  8719 | D        | Got the ring of the Vanishing Coins {rC+ Str+2 Int+6}
  8725 | D        | Learned a level 2 spell: Blink
  8735 | D        | Learned a level 9 spell: Fire Storm
  8869 | D        | Noticed Kanadorr the pandemonium lord
  8878 | D        | Killed Kanadorr the pandemonium lord
  8878 | D        | Reached skill level 1 in Translocations
  9122 | D        | Noticed a Hell Sentinel
  9129 | D        | Killed a Hell Sentinel
  9214 | D        | Noticed a golden dragon
  9218 | D        | Killed a golden dragon
  9299 | D        | Noticed a death cob
  9299 | D        | Noticed an ancient lich
  9299 | D        | Noticed a bone dragon
  9299 | D        | Noticed an orb of fire
  9299 | D        | Noticed a quicksilver dragon
  9304 | D        | Noticed a Brimstone Fiend
  9306 | D        | Gained mutation: Scrolls take you a little longer to read.
                  | [an orb of fire]
  9308 | D        | Killed an orb of fire
  9308 | D        | Reached skill level 5 in Conjurations
  9311 | D        | Killed a death cob
  9311 | D        | Killed a quicksilver dragon
  9311 | D        | Reached skill level 15 in Spellcasting
  9311 | D        | Reached skill level 5 in Translocations
  9312 | D        | Reached skill level 27 in Fighting
  9313 | D        | Noticed a Brimstone Fiend
  9315 | D        | Killed an ancient lich
  9318 | D        | Killed a bone dragon
  9713 | D        | Noticed a greater mummy
  9724 | D        | Killed a greater mummy
  9985 | D        | Noticed a Brimstone Fiend
  9988 | D        | Killed a Brimstone Fiend
  9991 | D        | Noticed a titan
  9995 | D        | Killed a titan
  9998 | D        | Noticed Irphal the pandemonium lord
 10013 | D        | Killed Irphal the pandemonium lord
 10013 | D        | Reached skill level 10 in Fire Magic
 10196 | D        | Reached XP level 18. HP: 197/200 MP: 37/37
 10221 | D        | Noticed a titan
 10221 | D        | Noticed a titan
 10221 | D        | Noticed a titan
 10222 | D        | Identified the +7 mace of Leusaor {drain, Int+2}
 10226 | D        | Killed a titan
 10227 | D        | Noticed a titan
 10227 | D        | Noticed a titan
 10227 | D        | Noticed a titan
 10227 | D        | Noticed a titan
 10227 | D        | Noticed a titan
 10227 | D        | Noticed a titan
 10228 | D        | Found the +8 glaive of the Guard {elec, +Rage AC+5 SInv}
 10228 | D        | Found the +6 shillelagh "Devastator" {shatter}
 10231 | D        | Reached skill level 10 in Conjurations
 10232 | D        | Noticed a titan
 10233 | D        | Reached skill level 15 in Fire Magic
 10233 | D        | Killed a titan
 10234 | D        | Killed a titan
 10234 | D        | Killed a titan
 10234 | D        | Reached XP level 19. HP: 119/207 MP: 10/40
 10234 | D        | Reached skill level 27 in Armour
 10234 | D        | Reached skill level 15 in Conjurations
 10771 | D        | Got the ring "Xuyqiler" {rN++ MP+9 Int+2 Stlth+}
 10818 | D        | Got a golden rune of Zot
 10828 | D        | Got the Collected Works on the Rocks and Confrontation
 10936 | D        | Reached skill level 1 in Evocations
 11025 | D        | Noticed a greater mummy
 11031 | D        | Killed a greater mummy
 11041 | D        | Reached skill level 5 in Evocations
 11044 | D        | Noticed an ancient lich
 11050 | D        | Killed an ancient lich
 11053 | D        | Noticed a Tzitzimitl
 11059 | D        | Killed a Tzitzimitl
 11168 | D        | Noticed an Ice Fiend
 11175 | D        | Killed an Ice Fiend
 11178 | D        | Noticed a Brimstone Fiend
 11182 | D        | Killed a Brimstone Fiend
 11287 | D        | Noticed a curse toe
 11299 | D        | Killed a curse toe
 11335 | D        | Noticed Jory
 11349 | D        | Killed Jory
 11349 | D        | Reached XP level 20. HP: 208/216 MP: 43/43
 11410 | D        | Noticed Numuqu the pandemonium lord
 11431 | D        | Killed Numuqu the pandemonium lord
 11591 | D        | Noticed Doafuf the pandemonium lord
 11591 | D        | Noticed Louise
 11598 | D        | Killed Doafuf the pandemonium lord
 11604 | D        | Killed Louise
 11616 | D        | Noticed Tusad the pandemonium lord
 11624 | D        | Killed Tusad the pandemonium lord
 11628 | D        | Noticed an ancient lich
 11633 | D        | Killed an ancient lich
 11790 | D        | Noticed a pearl dragon
 11791 | D        | Noticed a pearl dragon
 11795 | D        | Noticed a Tzitzimitl
 11800 | D        | Killed a pearl dragon
 11808 | D        | Killed a Tzitzimitl
 11812 | D        | Killed a pearl dragon
 12076 | D        | Noticed a greater mummy
 12083 | D        | Killed a greater mummy
 12297 | D        | Noticed a golden dragon
 12301 | D        | Noticed an electric golem
 12304 | D        | Noticed a greater mummy
 12305 | D        | Killed a golden dragon
 12307 | D        | Killed an electric golem
 12312 | D        | Killed a greater mummy
 12312 | D        | Reached skill level 27 in Shields
 12315 | D        | Reached skill level 15 in Evocations
 12413 | D        | Noticed a hellephant
 12413 | D        | Noticed a curse toe
 12413 | D        | Noticed a pearl dragon
 12421 | D        | Killed a curse toe
 12421 | D        | Reached XP level 21. HP: 126/224 MP: 46/46
 12435 | D        | Killed a pearl dragon
 12684 | D        | Got the ring "Goynun" {Wiz Str+5}
 12690 | D        | Got the ring "Conk" {+Fly rElec MR+}
 12710 | D        | Got an iron rune of Zot
 12716 | D        | Got the ring "Bankusix" {rPois Str-2 Dex+6 SInv}
 12721 | D        | Got the amulet "Ichef" {Acrobat rPois rC+ MR++ Int-2}
 12723 | D        | Got the amulet "Icsoe" {Spirit MR+}
 12725 | D        | Got the ring "Eteerr" {Fire Int+5 Dex+4 SInv}
 12875 | D        | Noticed a golden dragon
 12890 | D        | Killed a golden dragon
 13095 | D        | Noticed a greater mummy
 13099 | D        | Noticed Mennas
 13101 | D        | Noticed a curse toe
 13106 | D        | Killed a greater mummy
 13125 | D        | Killed a curse toe
 13125 | D        | Reached skill level 27 in Dodging
 13143 | D        | Killed Mennas
 13550 | D        | Found the +8 mithril axe "Arga" {speed, MR+}
 13572 | D        | Got the +2 helmet "Milasez" {rPois Stlth+}
 13628 | D        | Got the amulet of Gozag's Supremacy {RegenMP +Fly MR- Str-3
                  | Int+5}
 13630 | D        | Got the ring of the Dancing King {rElec rN+ Dex+3 SInv}
 13632 | D        | Got the ring "Botzoc" {rF+ rC+ Dex+2}
 13634 | D        | Got the ring "Hioh Fex" {rPois MR+}
 13636 | D        | Got the amulet "Nauhukh" {Regen+ SInv}
 13638 | D        | Got the ring "Qubenneo" {rF+ Int+6 Slay+3}
 13640 | D        | Got the ring "Peaceil" {rElec rC++ Str-4 Dex+6 Stlth-}
 13642 | D        | Got the ring "Xuabbuiti" {rC+ Int+8}
 13703 | D        | Noticed Boris
 13703 | D        | Noticed Mara
 13711 | D        | Killed Boris
 13714 | D        | Noticed rocky1's illusion
 13725 | D        | Killed Mara
 13725 | D        | Reached XP level 22. HP: 117/233 MP: 4/49
 13975 | D        | Reached skill level 27 in Fire Magic
 13980 | D        | Lost mutation: Scrolls take you a little longer to read.
                  | [potion of mutation]
 13980 | D        | Gained mutation: You are clumsy. (Dex -2) [potion of
                  | mutation]
 13980 | D        | Gained mutation: You occasionally shout uncontrollably at
                  | your foes. [potion of mutation]
 13980 | D        | Gained mutation: You have sharp toenails. [potion of
                  | mutation]
 13981 | D        | Lost mutation: You occasionally shout uncontrollably at
                  | your foes. [potion of mutation]
 13981 | D        | Lost mutation: You have sharp toenails. [potion of
                  | mutation]
 13981 | D        | Gained mutation: You are robust. (+10% HP) [potion of
                  | mutation]
 13981 | D        | Gained mutation: You are partially covered in large bone
                  | plates. (SH +4) [potion of mutation]
 13981 | D        | Gained mutation: You expend magic power (3 MP) to
                  | strengthen your wands. [potion of mutation]
 13988 | D        | Noticed a Killer Klown
 13988 | D        | Noticed Nikola
 13988 | D        | Noticed Dissolution
 13989 | D        | Noticed an orb of fire
 13991 | D        | Killed Dissolution
 13992 | D        | Gained mutation: You tend to lose your temper in combat.
                  | [an orb of fire]
 13996 | D        | Killed a Killer Klown
 13998 | D        | Killed an orb of fire
 13998 | D        | Reached skill level 27 in Conjurations
 14007 | D        | Killed Nikola
 14462 | D        | Noticed Viuvithrideur the pandemonium lord
 14474 | D        | Noticed the Serpent of Hell
 14475 | D        | Killed Viuvithrideur the pandemonium lord
 14516 | D        | Killed the Serpent of Hell
 14555 | D        | Lost mutation: You are clumsy. (Dex -2) [potion of
                  | mutation]
 14555 | D        | Lost mutation: You tend to lose your temper in combat.
                  | [potion of mutation]
 14555 | D        | Lost mutation: You expend magic power (3 MP) to strengthen
                  | your wands. [potion of mutation]
 14555 | D        | Lost mutation: You are robust. (+10% HP) [potion of
                  | mutation]
 14555 | D        | Gained mutation: Your muscles are strong. (Str +2) [potion
                  | of mutation]
 14555 | D        | Gained mutation: Your mind is acute. (Int +2) [potion of
                  | mutation]
 14555 | D        | Gained mutation: You have a pair of small horns on your
                  | head. [potion of mutation]
 14555 | D        | Gained mutation: You are partially covered in slimy green
                  | scales. (AC +2) [potion of mutation]
 14556 | D        | Lost mutation: Your mind is acute. (Int +2) [potion of
                  | mutation]
 14556 | D        | Gained mutation: Your body sometimes deteriorates upon
                  | taking damage. [potion of mutation]
 14556 | D        | Gained mutation: Your body often deteriorates upon taking
                  | damage. [potion of mutation]
 14556 | D        | Gained mutation: You have sharp fingernails. [potion of
                  | mutation]
 14557 | D        | Lost mutation: Your muscles are strong. (Str +2) [potion of
                  | mutation]
 14557 | D        | Lost mutation: Your body often deteriorates upon taking
                  | damage. [potion of mutation]
 14557 | D        | Gained mutation: You are somewhat resistant to further
                  | mutation. [potion of mutation]
 14558 | D        | Lost mutation: You have a pair of small horns on your head.
                  | [potion of mutation]
 14558 | D        | Lost mutation: You are partially covered in slimy green
                  | scales. (AC +2) [potion of mutation]
 14558 | D        | Gained mutation: You have large cloven feet. [potion of
                  | mutation]
 14616 | D        | Reached skill level 27 in Spellcasting
 14617 | D        | Reached skill level 27 in Evocations
 14626 | D        | Reached XP level 23. HP: 238/240 MP: 37/54
 14628 | D        | Reached skill level 10 in Stealth
 14725 | D        | Noticed a greater mummy
 14733 | D        | Killed a greater mummy
 14799 | D        | Noticed Cocvas the pandemonium lord
 14803 | D        | Killed Cocvas the pandemonium lord
 14803 | D        | Reached skill level 15 in Stealth
 14804 | D        | Noticed Xtahua
 14806 | D        | Noticed Ybevin the pandemonium lord
 14808 | D        | Noticed the 27-headed Lernaean hydra
 14810 | D        | Killed Xtahua
 14812 | D        | Killed the 27-headed Lernaean hydra
 15144 | D        | HP: 2/240 [drowned by Ybevin the pandemonium lord (25)]
 15145 | D        | Killed Ybevin the pandemonium lord
 16324 | D        | Noticed a greater mummy
 16336 | D        | Killed a greater mummy
 16766 | D        | Reached skill level 27 in Stealth
 16766 | D        | Reached skill level 15 in Invocations
 16860 | D        | Got the Orb of Zot
 16942 | D        | Reached XP level 24. HP: 233/249 MP: 54/54
 17199 | D        | Reached skill level 27 in Invocations
 17450 | D        | Reached skill level 10 in Translocations
 17635 | D        | Gained mutation: Scrolls take you a little longer to read.
                  | [a cacodemon]
 17725 | D        | Reached skill level 15 in Translocations
 18310 | D        | Escaped with the Orb!

Illustrated notes

Levels and vault maps discovered:
D:        pitsprint [storerooms_1, entrance_room_1, metal_vault_4, armoury_1,
          mini_pit_1, grid_room_1, main_hall_1, silver_pit, the_coven_2,
          the_vestibule_1, steel_vault_2, golden_pit, hallway_of_sentries,
          crystal_vault_2, iron_vault_2, final_vault]

Skill      XL: |  1  2  3  4  5  6  7  8  9 10 11 12 13 14 15 16 17 18 19 20 21 22 23 24 |
---------------+-------------------------------------------------------------------------+-----
Fighting       | 3 5 7 10 11 12 13 14 16 18 20 22 24 26 27 | 27.0
Dodging        | 3 5 7 8 9 10 11 12 13 15 16 18 19 21 22 24 25 27 | 27.0
Axes           | 5 6 8 11 12 13 14 16 17 19 20 | 20.9
Invocations    | 3 6 7 10 12 14 24 27 | 27.0
Armour         | 2 5 6 8 10 12 15 17 19 21 23 24 26 27 | 27.0
Spellcasting   | 5 9 11 14 15 17 19 21 23 27 | 27.0
Shields        | 8 13 17 19 22 24 27 | 27.0
Conjurations   | 9 14 18 21 25 27 | 27.0
Translocations | 8 19 | 19.1
Fire Magic     | 10 15 20 23 26 27 | 27.0
Evocations     | 9 15 20 27 | 27.0
Stealth        | 9 27 | 27.0
Throwing       | |  1.7

Action                   |  1- 3 |  4- 6 |  7- 9 | 10-12 | 13-15 | 16-18 | 19-21 | 22-24 || total
-------------------------+-------+-------+-------+-------+-------+-------+-------+-------++-------
Melee: War axe           |    37 |    32 |    39 |   113 |       |       |       |       ||   221
       Hand axe          |       |       |     5 |       |       |       |       |       ||     5
       Broad axe         |       |       |       |    41 |   216 |   174 |   323 |   346 ||  1100
 Cast: Fire Storm        |       |       |       |       |       |       |    16 |    24 ||    40
       Blink             |       |       |       |       |       |       |     1 |       ||     1
Invok: Slouch            |       |       |     2 |    13 |    25 |    18 |     2 |     1 ||    61
Evoke: Lightning rod     |       |       |       |       |       |       |     2 |     1 ||     3
       Condenser vane    |       |       |       |       |       |       |     1 |       ||     1
  Use: Potion            |       |     2 |     1 |     5 |     6 |     2 |     9 |     9 ||    34
       Scroll            |       |       |     2 |     1 |       |     1 |     9 |     9 ||    22
 Stab: Invisible         |       |       |     2 |       |       |       |       |       ||     2
       Petrified         |       |       |       |     3 |     3 |       |       |       ||     6
       Distracted        |       |       |       |       |     1 |       |       |     3 ||     4
       Sleeping          |       |       |       |       |       |       |     2 |       ||     2
Armor: Leather armour    |    13 |       |       |       |       |       |       |       ||    13
       Ring mail         |     3 |    13 |    13 |    47 |    24 |       |       |       ||   100
       Chain mail        |       |       |       |       |    54 |    62 |     4 |       ||   120
       Quicksilver drago |       |       |       |       |       |       |    21 |       ||    21
       Pearl dragon scal |       |       |       |       |       |       |    36 |    57 ||    93
Dodge: Dodged            |    52 |    23 |    38 |   166 |   236 |   117 |   164 |   141 ||   937
Block: Buckler           |       |       |       |       |    44 |    82 |     8 |       ||   134
       Tower shield      |       |       |       |       |       |       |   375 |   383 ||   758
       Reflection        |       |       |       |       |       |       |    16 |     3 ||    19

Table legend: (Time is in decaauts) A = Elapsed time spent in this place. B = Non-inter-level travel time spent in this place. C = Inter-level travel time spent in this place. D = Time resting spent in this place. E = Time spent auto-exploring this place. F = Levels seen in this place. G = Mean time per level. A B C D E F G +--------+--------+--------+--------+--------+-----+--------+ Total | 21631 | 20929 | 702 | 12230 | 0 | 1 | 21631.0 | Dungeon | 21631 | 20929 | 702 | 12230 | 0 | 1 | 21631.0 | +--------+--------+--------+--------+--------+-----+--------+

Top non-repeatable levels by time:
       D: 21631 daAuts
